← All builds
Pond / Cortex / Economy first / OBSERVED BUILD

Fatboy buy

Cortex Pond build order · Supreme Isthmus

Pond pays Tech heavily from before 5 minutes to get a Fatboy handed over around 5:12 and flown to front by heavy transport, fighting in the middle while Pond's own eco continues behind it.

#push #team support · 147 distinct matches · 42 players · 20% of Cortex Pond games · team won 53% of 147 · Recently observed

THE CATCH, AND WHAT COMES WITH IT
  • FatboyFatboy from Tech arrives 5:10 · 17% of role by thenTech makes it and hands it over.
  • HephaestusHeavy transport from an ally in 77%14% of all Pond games by then

Paid for by sending allies about 1,100 metal and 13,000 energy by 5:00; standard pond sends 110 metal and 9,450 energy.

Where those units first fight, in 141 games with kill data: in the middle 89%, on their own side 11%.

Those units destroy a typical 2,570 metal of enemy units by 15:00.

Then transitions into grunt (28% of army), tick (9% of army).

HOW TO PLAY IT

Key timing: Fatboy handed over by 5:10

  1. Drop tidals, mex and a bot lab while boosting wind for front.
  2. Send Tech heavy metal and energy to fund the Fatboy buy.
  3. Take the Heavy Plasma Bot 'Fatboy' handed over by Tech.
  4. Fly the Fatboy to the middle to push alongside front.
  5. Keep bot lab output of Grunt and Tick going as the real transition.

Phase by phase

TYPICAL OF ITS 147 GAMES · AGAINST STANDARD POND
  1. 1
  2. 2
PLAY THE OPENING

Follow the example game's first 6:10 step by step: what to build now, what comes next, and where it goes. At 1× it keeps pace with your own game.

  1. 1

    Up to the Bot Lab

    Economy
    • Metal Extractor4Mex
    • Tidal Generator8Tidalfor allies
    • Wind Turbine8Wind
    • Tidal Generator1Tidal
    • Energy Storage1Energy storage
    Order
    1. Bot LabBot Lab after 4 mex, 9 wind, 4 converterdone ~5:58, middle half 3:38–6:56

    Some games also: converter (45%)

    By 5:36 in all: 4 mex · 8 wind · 1 tidal · 1 energy storage

    The example game in this phase · 10 steps
    1. Tidal ×8for Suicide front
    2. Tidal ×2
    3. Wind
    4. Converter
    5. Mex ×4
    6. Wind ×6
    7. Energy storage
    8. Wind ×4
    9. Converter ×3
    10. Wind ×6
  2. 2

    Bot Lab to 10:00

    Some games also: wind (46%) · con turret (39%) · grunt (37%) · con bot (37%)

    The standard build makes here, this one skips: 14 wind · 2 converter

    By 10:00 in all: 4 mex · 15 wind (standard 24) · 1 tidal · 3 converter (standard 6) · 1 energy storage

    The example game in this phase · 134 steps
    1. Wind ×2
    2. Bot LabBot Labdone 6:28
    3. Con turret
    4. PawnPawn ×3for Geo
    5. PawnPawn ×10
    6. Construction BotCon botfor Geo sea
    7. Wind
    8. Construction BotCon botfor Geo sea
    9. Wind
    10. TickTick
    11. Wind
    12. TickTick ×2
    13. Wind
    14. TickTick ×3
    15. Wind
    16. TickTick ×3
    17. Wind ×2
    18. TickTick ×3
    19. Wind ×2
    20. TickTick ×3
    21. Wind ×2
    22. TickTick ×2
    23. Wind
    24. TickTick ×2
    25. Wind
    26. TickTick ×2
    27. Wind
    28. TickTick
    29. Wind
    30. Con turret
    31. TickTick ×5
    32. Wind ×2
    33. TickTick ×3
    34. LazarusLazarus
    35. Wind
    36. Converter
    37. Wind
    38. LazarusLazarus
    39. Wind
    40. Converter
    41. Wind
    42. LazarusLazarus
    43. Wind ×2
    44. LazarusLazarus
    45. Converter
    46. Wind ×2
    47. TickTick ×2
    48. Converter
    49. TickTick
    50. Wind
    51. TickTick
    52. Wind
    53. TickTick ×2
    54. Wind
    55. Converter
    56. TickTick ×2
    57. Wind
    58. TickTick
    59. Wind
    60. TickTick
    61. Converter
    62. TickTick ×2
    63. CenturionCenturion
    64. Wind
    65. Converter
    66. Wind
    67. Converter
    68. CenturionCenturion
    69. Wind ×2
    70. Advanced Metal ExtractorT2 mexdone 11:17 · typical 10:05
    71. Converter
    72. CenturionCenturion
    73. TickTick ×5
    74. Wind
    75. TickTick ×4
    76. Wind
    77. TickTick ×3
    78. Wind
    79. TickTick ×3
    80. Advanced Metal ExtractorT2 mex
    81. TickTick
    82. Wind ×2
    83. TickTick ×8
    84. Wind
    85. TickTick ×4
    86. Wind
    87. TickTick ×2
    88. Wind
    89. TickTick ×4
    90. Wind
    91. TickTick ×2
    92. Wind
    93. TickTick ×2
    94. Wind
    95. TickTick ×3
    96. Wind
    97. TickTick ×3
    98. Construction BotCon bot
    99. TickTick ×6
    100. Con turret ×2
    101. Advanced Metal ExtractorT2 mex
    102. TickTick ×5
    103. Con turret
    104. TickTick ×2
    105. Vehicle PlantVehicle Plantdone 13:16
    106. TickTick ×4
    107. Con turret ×2
    108. Aircraft PlantAircraft Plantdone 13:45
    109. StoutStout
    110. Con turret
    111. FalconFighter
    112. StoutStout
    113. FalconFighter
    114. StoutStout
    115. Construction AircraftCon aircraft
    116. StoutStout
    117. Construction AircraftCon aircraft
    118. StoutStout
    119. Construction AircraftCon aircraft
    120. StoutStout
    121. Bot LabEat Bot Labreclaimed for its metal
    122. FalconFighter
    123. StoutStout
    124. FalconFighter
    125. StoutStout
    126. FalconFighter
    127. StoutStout
    128. Fusion ReactorFusionnot finished by 15:00
    129. Vehicle PlantEat Vehicle Plantreclaimed for its metal
    130. BlinkScout plane
    131. FalconFighter
    132. Fusion ReactorFusion
    133. FalconFighter ×2
    134. Aircraft PlantEat Aircraft Plantreclaimed for its metal

Counts are medians over the build's games: half of them build more, half fewer. The example game is enderOS1's (34 OS, 29/09/2026); pick another.

Team trades

IN AT LEAST 30% OF ITS GAMES

You hand over

  • Tidal Generator8 Tidal to Suicide front or Frontfirst at 0:11 · in 99% of games

You get

  • Hephaestus1 Heavy transport from Air or Techfirst at 4:50 · in 77% of games
  • Fatboy1 Fatboy from Techfirst at 5:10 · in 100% of games
  • Advanced Construction Bot1 T2 con bot from Techfirst at 8:13 · in 94% of games

How it plays out

Typical game of this build against the role’s standard build, running totals by minute

  • This build
  • Standard pond

Metal produced

010k20k
0:005:0010:0015:00

metal

Enemy metal destroyed

02k4k6k
0:005:0010:0015:00

metal

Own metal lost

02k4k
0:005:0010:0015:00

metal

Metal sent to allies

01k2k
0:005:0010:0015:00

metal

Energy sent to allies

020k40k60k
0:005:0010:0015:00

metal

147 games.

Show as table
ByMetal produced: This buildMetal produced: Standard pondEnemy metal destroyed: This buildEnemy metal destroyed: Standard pondOwn metal lost: This buildOwn metal lost: Standard pondMetal sent to allies: This buildMetal sent to allies: Standard pondEnergy sent to allies: This buildEnergy sent to allies: Standard pond
1:001151150000001089988
2:0027326000000027692438
3:0081575200000047664666
4:00149514140000440073616481
5:002243214200001099111134579436
6:0030132951000014143891857611987
7:003856383921000015294362199614105
8:00465249131065511297316224482332816905
9:0054696340201418549217216804522561719465
10:0064217751286132194151316984612780622262
11:00755898993115740145379617094682877324464
12:00900412351358411421896105417364822959526862
13:001051814910452915752405163717594823026930092
14:001247017209490818373032207318395073240635003
15:001464519934539626233375296619055313431540760
WHAT THE NUMBERS SAY

Won more often than the standard build and destroyed more enemy metal by 15:00 despite producing less metal itself.

  • + Destroyed 5282 enemy metal by 15:00 vs 3127 for the standard build.
  • + Fatboy and heavy transports line up: 79% of games get a Hephaestus by 4:39.
  • − Own metal lost by 15:00 rose to 3713 vs 3070 standard.
  • − Metal produced lagged badly at 10:00 and 15:00 (6422/14880 vs 8366/19066).
THE EXAMPLE YOU ARE READING

enderOS1

33.6 OS · 29/09/2026

Open source match ↗

4 received units · includes a constructor
922 metal received · 95439 energy received

Allied construction assistance is unknown. Timings are observations, not a promise of solo reproducibility.

Typical milestones

Bot Lab5:58Middle 50%: 3:38–6:56 · n=80
Advanced Metal Extractor10:05Middle 50%: 9:18–10:49 · n=138

Played most by

[Grump]Matsuri24games of this buildFrontLiner69er13games of this buildzeus_on_god11games of this buildDouglasBacon10games of this buildMischievousDragonGF8games of this build